 Dungeon Crawl Stone Soup version 0.27-a0-1374-gc14e5d3922 (webtiles) character file.

Game seed: 15948851119947719472

525 iskias the Chopper (level 7, 0/60 HPs)
             Began as a Hill Orc Wanderer on June 29, 2021.
             Was a Follower of Trog.
             Slain by an ogre (9 damage)
             ... on level 5 of the Dungeon.
             The game lasted 00:14:45 (6521 turns).

iskias the Chopper (Hill Orc Wanderer)              Turns: 6521, Time: 00:14:46

Health: 0/60       AC:  9    Str: 16      XL:     7   Next: 22%
Magic:  7/7        EV:  7    Int: 12      God:    Trog [*.....]
Gold:   160        SH:  0    Dex: 10 (11) Spells: 6/6 levels left

rFire    + . .     SeeInvis .   x - +0 rapier (speed)
rCold    . . .     Faith    .   (no shield)
rNeg     . . .     Spirit   .   p - +0 chain mail
rPois    .         Reflect  .   (no helmet)
rElec    .         Harm     .   (no cloak)
rCorr    .         Rampage  .   (no gloves)
Will     .....                  (no boots)
Stlth    ..........             (no amulet)
HPRegen  0.20/turn              g - ring of protection from fire
MPRegen  0.10/turn              (no ring)

@: on berserk cooldown, slowed, very slow
A: no striking features
a: Renounce Religion, Berserk


You were on level 5 of the Dungeon.
You worshipped Trog.
Trog was aware of your devotion.
You visited 1 branch of the dungeon, and saw 5 of its levels.

You collected 160 gold pieces.

Inventory:

Hand Weapons
 a - a +2 shortbow
 b - a +0 dagger of venom
 d - a +0 flail
 h - a +0 hand axe
 x - a +0 rapier of speed (weapon)
Missiles
 c - 2 throwing nets
 f - 170 stones (quivered)
 i - 81 arrows
 k - 43 sling bullets
Armour
 p - a +0 chain mail (worn)
Jewellery
 g - a ring of protection from fire (left hand)
Scrolls
 l - a scroll of identify
 n - a scroll of fear {unknown}
 r - a scroll of vulnerability {unknown}
 s - a scroll of enchant armour {unknown}
 t - a scroll of noise {unknown}
 v - a scroll of enchant weapon {unknown}
Potions
 e - a potion of mutation {unknown}
 j - a potion of magic {unknown}
 m - a potion of curing
 o - a potion of ambrosia {unknown}
 q - a potion of cancellation {unknown}
 u - 2 potions of lignification {unknown}


   Skills:
 + Level 4.9 Fighting
 * Level 6.2(6.3) Axes
 - Level 0.7(3.3) Maces & Flails
 - Level 3.6 Bows
 + Level 4.4 Armour
 - Level 1.0 Dodging
 - Level 2.1 Shields


You had 6 spell levels left.
You didn't know any spells.
Your spell library contained the following spells:

 Spells                   Type           Power      Damage    Failure   Level
 Corona                   Hex            0%         N/A       99%         1
 Foxfire                  Conj/Fire      0%         2x1d4     99%         1
 Freeze                   Ice            0%         1d3       99%         1
 Ensorcelled Hibernation  Hex/Ice        0%         N/A       100%        2
 Confusing Touch          Hex            0%         N/A       100%        3
 Dazzling Flash           Conj/Hex       0%         N/A       100%        3
 Frozen Ramparts          Ice            0%         1d2       100%        3
 Ignite Poison            Fire/Tmut/Pois 0%         N/A       100%        3
 Tukima's Dance           Hex            0%         N/A       100%        3


Dungeon Overview and Level Annotations

Branches:
Dungeon (5/15)
 Temple: D:4-7

Altars:
Ashenzari
Elyvilon
Nemelex Xobeh
Trog
Vehumet
Zin

Annotations:
D:5 Grinder


Message History

The ufetubus hits you.
You puncture the ufetubus!
You kill the ufetubus!
Trog accepts your kill.
You puncture Grinder!
Grinder is lightly wounded.
You puncture Grinder!
Grinder is heavily wounded.
Grinder blinks!
An ogre comes into view. It is wielding a +0 giant spiked club.
The ogre shouts!
You feel a strong urge to attack something.
A howler monkey zombie comes into view.
Grinder blinks!
You barely miss the ogre.
You are no longer berserk.
You are exhausted.
You feel yourself slow down.
Grinder blinks!
You hit the ogre.
The ogre is lightly wounded.
The ogre barely misses you.
An iguana comes into view.
You hit the ogre.
The ogre is moderately wounded.
The ogre hits you with a +0 giant spiked club!!
Grinder blinks!
The iguana hisses menacingly.
The ogre barely misses you.
Grinder blinks!
A wyvern skeleton comes into view.
The ogre hits you with a +0 giant spiked club!
The ogre hits you with a +0 giant spiked club!
* * * LOW HITPOINT WARNING * * *
The iguana bites you but does no damage.
The ogre hits you with a +0 giant spiked club!
* * * LOW HITPOINT WARNING * * *
This is a scroll of acquirement!
Something appears at your feet! The iguana barely misses you.
Grinder blinks!
The ogre hits you with a +0 giant spiked club!
You die...

#..Z..lZ....# #####
#.##.###.#### #....
#..##.## #.### ##Z##..
###.### #####..#.# #......
#......#.# #......
#.......Z# #......
#......lO# #......
#.......@# #[.....
#.......>.....# #......
#.......###########......
#.......#.........'......
##.......#.#########......
##........#.# #......
#####.........#.# #......
#.......###.....# #......
#.###..##^##..### #######


You could see an ogre, an iguana, a howler monkey zombie and a wyvern skeleton.

Vanquished Creatures
  Eustachio (D:4)
  A scorpion (D:5)
  A water moccasin skeleton (D:5)
  A howler monkey (D:4)
  A hound (D:4)
  2 iguanas (D:5)
  3 gnolls (D:4)
  3 adders
  An ufetubus (D:5)
  An adder skeleton (D:4)
  A worm (D:1)
  A dart slug (D:5)
  11 orcs
  7 bats
  6 endoplasms
  4 giant cockroaches
  8 hobgoblins
  3 jackals (D:2)
  3 kobolds
  3 quokkas
  5 ball pythons
  4 frilled lizards
  10 goblins
  10 rats
91 creatures vanquished.

Vanquished Creatures (others)
  2 orcs (D:4)
2 creatures vanquished.

Grand Total: 93 creatures vanquished

Notes
Turn   | Place    | Note
-------+----------+-------------------------------------------
     0 | D:1      | iskias the Hill Orc Wanderer began the quest for the Orb.
     0 | D:1      | iskias set off with the following items: a +2 shortbow, 29
                  | arrows, a +0 robe; and the following spells available to
                  | memorise: Foxfire, Freeze, Frozen Ramparts, Ignite Poison
     0 | D:1      | Reached XP level 1. HP: 18/18 MP: 1/1
   462 | D:1      | Reached XP level 2. HP: 22/25 MP: 2/2
   653 | D:1      | Found a faded altar of an unknown god.
   679 | D:1      | Reached skill level 1 in Dodging
  1114 | D:2      | Found a glowing silver altar of Zin.
  1268 | D:1      | Reached skill level 1 in Axes
  1268 | D:1      | Reached XP level 3. HP: 13/30 MP: 3/3
  2001 | D:2      | Reached skill level 2 in Axes
  2708 | D:3      | Reached XP level 4. HP: 38/38 MP: 4/4
  2965 | D:3      | Reached skill level 3 in Axes
  3397 | D:3      | Found a bloodstained altar of Trog.
  3795 | D:3      | Became a worshipper of Trog the Wrathful
  3904 | D:4      | Reached XP level 5. HP: 36/46 MP: 5/5
  4156 | D:4      | Found a white marble altar of Elyvilon.
  4220 | D:4      | Reached skill level 4 in Axes
  4870 | D:4      | Found a broken altar of Ashenzari.
  5335 | D:5      | Entered Level 5 of the Dungeon
  5381 | D:5      | Found a radiant altar of Vehumet.
  5421 | D:5      | Reached XP level 6. HP: 31/52 MP: 6/6
  5635 | D:5      | Noticed Eustachio
  5645 | D:5      | Reached skill level 5 in Axes
  6124 | D:4      | Killed Eustachio
  6124 | D:4      | Reached * piety under Trog
  6125 | D:4      | Reached skill level 6 in Axes
  6125 | D:4      | Reached XP level 7. HP: 16/60 MP: 7/7
  6453 | D:5      | Found a sparkling altar of Nemelex Xobeh.
  6499 | D:5      | Noticed Grinder
  6500 | D:5      | Paralysed by Grinder for 2 turns
  6521 | D:5      | Identified a scroll of acquirement
  6521 | D:5      | Acquired the ring of the Solstice {rPois rF++ Dex+4}
  6521 | D:5      | Slain by an ogre

Illustrated notes

Levels and vault maps discovered:
D:1:      ebering_trefoil_twist, layout_loops_ring,
          chequers_ecumenical_altar_simple_redux, item_on_display_a
D:2:      layout_basic, minmay_hexomino_r4
D:3:      layout_basic, bloody_trog
D:4:      layout_layer_cave, elyvilon_altar_4, ashenzari_altar_1,
          grunt_ministairs_12
D:5:      layout_basic, nemelex_spade_bored_becter,
          lemuel_coloured_pillars_altar, nicolae_vehumet_altar_sigil,
          uniq_eustachio, uniq_crazy_yiuf_cottage, uniq_blork_the_orc,
          uniq_grinder

Skill      XL: |  1  2  3  4  5  6 |
---------------+-------------------+-----
Dodging        | 1 |  1.0
Axes           | 1 2 3 4 6 |  6.2
Fighting       | 3 4 |  4.9
Armour         | 3 4 |  4.4
Maces & Flails | |  0.7
Bows           | |  3.6
Shields        | |  2.1

Action                   |  1- 3 |  4- 6 |  7- 9 || total
-------------------------+-------+-------+-------++-------
Melee: Flail             |    49 |       |       ||    49
       Dagger            |    92 |   174 |       ||   266
       Hand axe          |       |     6 |       ||     6
       Rapier            |       |       |     7 ||     7
 Fire: Shortbow          |     4 |    30 |       ||    34
Throw: Stone             |     6 |       |       ||     6
Invok: Berserk           |       |       |     1 ||     1
  Use: Scroll            |       |     1 |     1 ||     2
       Potion            |       |     1 |       ||     1
Armor: Robe              |    16 |       |       ||    16
       Ring mail         |    34 |       |       ||    34
       Chain mail        |     5 |   133 |     3 ||   141
Dodge: Dodged            |    88 |    84 |     3 ||   175

Table legend: (Time is in decaauts)
 A = Elapsed time spent in this place.
 B = Non-inter-level travel time spent in this place.
 C = Inter-level travel time spent in this place.
 D = Time resting spent in this place.
 E = Time spent auto-exploring this place.
 F = Levels seen in this place.
 G = Mean time per level.
                   A        B        C        D        E       F      G
               +--------+--------+--------+--------+--------+-----+--------+
         Total |   6539 |   6405 |    134 |   1997 |   3393 |   5 | 1307.8 |
       Dungeon |   6539 |   6405 |    134 |   1997 |   3393 |   5 | 1307.8 |
               +--------+--------+--------+--------+--------+-----+--------+

Top non-repeatable levels by time:
     D:4: 1995 daAuts
     D:1: 1463 daAuts
     D:2: 1389 daAuts
     D:3: 972 daAuts
     D:5: 720 daAuts
